 Dungeon Crawl Stone Soup version 0.23.2-1-ga50397a (webtiles) character file.

Game seed: 3211874655229625897

34969 MalarOregon the Blocker (level 13, -5/107 HPs)
             Began as a Merfolk Fighter on May 20, 2019.
             Was a High Priest of Okawaru.
             Killed from afar by an electric eel (13 damage)
             ... with a bolt of electricity
             ... on level 4 of the Lair of Beasts.
             The game lasted 00:36:45 (20929 turns).

MalarOregon the Blocker (Merfolk Fighter)          Turns: 20929, Time: 00:36:45

Health: -5/107     AC: 28    Str: 19    XL:     13   Next: 80%
Magic:  13/13      EV:  4    Int: 13    God:    Okawaru [*****.]
Gold:   975        SH: 19    Dex: 14    Spells: 12/12 levels left

rFire    + . .     SeeInvis .   a - +8 whip "Snakebite" {curare, rPois, !f}
rCold    . . .     Gourm    +   x - +0 large shield {reflect}
rNeg     . . .     Faith    .   c - +9 plate armour of the True Pharaoh {Int+4}
rPois    +         Spirit   .   t - +0 helmet
rElec    .         Reflect  +   M - +0 cloak
rCorr    .         Harm     .   n - +0 pair of gloves
MR       .....                  y - +0 pair of boots
Stlth    ..........             K - amulet of the gourmand
HPRegen  0.27/turn              i - ring of protection from fire
MPRegen  0.13/turn              (no ring)

@: no status effects
A: change form in water, swift swim, stealthy swim
a: Heroism, Finesse, Renounce Religion


You were on level 4 of the Lair of Beasts.
You worshipped Okawaru.
Okawaru was extremely pleased with you.
You were completely stuffed.

You visited 3 branches of the dungeon, and saw 17 of its levels.

You collected 975 gold pieces.

Inventory:

Hand Weapons
 a - the +8 whip "Snakebite" (weapon) {curare, rPois, !f}
   (You found it on level 2 of the Lair of Beasts)

   It poisons the flesh of those it strikes.
   It protects you from poison.
 b - a +1 falchion of flaming
   (You took it off a big kobold on level 8 of the Dungeon)
 E - a +1 trident
 N - a +0 blowgun
   (You took it off a kobold on level 11 of the Dungeon)
Missiles
 o - a throwing net (quivered) {!f}
 L - a curare-tipped needle {!f}
Armour
 c - the +9 plate armour of the True Pharaoh (worn) {Int+4}
   (Okawaru gifted it to you on level 2 of the Lair of Beasts)

   It affects your intelligence (+4).
 n - a +0 pair of gloves (worn)
   (You found it on level 1 of the Dungeon)
 t - a +0 helmet (worn)
   (You took it off Robin on level 4 of the Dungeon)
 x - a +0 large shield of reflection (worn)
   (Okawaru gifted it to you on level 1 of the Lair of Beasts)
 y - a +0 pair of boots (worn)
   (You found it on level 2 of the Lair of Beasts)
 M - a +0 cloak (worn)
   (You took it off Maurice on level 9 of the Dungeon)
Jewellery
 i - a ring of protection from fire (left hand)
   (You found it on level 1 of the Dungeon)
 z - an uncursed ring of wizardry {unknown}
   (You found it on level 2 of the Lair of Beasts)
 H - an uncursed ring of protection from fire
   (You found it on level 9 of the Dungeon)
 K - an amulet of the gourmand (around neck)
   (You found it on level 8 of the Dungeon)
Wands
 d - a wand of iceblast (23)
   (You found it on level 2 of the Dungeon)
 v - a wand of digging (9)
   (You found it on level 9 of the Dungeon)
Scrolls
 s - 5 scrolls of remove curse {@r2}
 A - 8 scrolls of teleportation {@r4}
 B - 2 scrolls of silence
 C - a scroll of fog
 D - a scroll of immolation {!r}
 F - a scroll of enchant armour
 G - 2 scrolls of enchant weapon
 I - a scroll of brand weapon {unknown}
 J - a scroll of magic mapping {unknown}
 O - a scroll of identify {@r1}
Potions
 g - 5 potions of curing {@q1}
 h - a potion of berserk rage
 j - 3 potions of haste {@q3}
 l - a potion of brilliance
 m - 2 potions of might
 p - a potion of invisibility
 q - 3 potions of magic
 r - 2 potions of lignification {!q}
 u - a potion of resistance
 w - 4 potions of flight
Comestibles
 e - 37 rations {!d}
 k - 13 chunks of flesh


   Skills:
 + Level 11.7 Fighting
 + Level 2.2 Maces & Flails
 - Level 14.0 Polearms
 + Level 8.5 Armour
 * Level 14.6 Shields


You had 12 spell levels left.
You didn't know any spells.
Your spell library contained the following spells:

 Spells                   Type           Power        Failure   Level  Hunger
 Animate Skeleton         Necr           N/A          100%        1    ##.....
 Beastly Appendage        Tmut           #.....       100%        1    ##.....
 Pain                     Necr           #...         100%        1    ##.....
 Shock                    Conj/Air       #...         100%        1    ##.....
 Sticks to Snakes         Tmut           #.......     100%        2    ###....
 Swiftness                Chrm/Air       #.......     100%        2    ###....
 Regeneration             Chrm/Necr      #.........   100%        3    ####...
 Spider Form              Tmut/Pois      #.........   100%        3    ####...
 Static Discharge         Conj/Air       #.......     100%        3    ####...
 Vampiric Draining        Necr           #.........   100%        3    ####...
 Airstrike                Air            #.........   100%        4    #####..
 Animate Dead             Necr           N/A          100%        4    #####..
 Ice Form                 Ice/Tmut       #.......     100%        4    #####..
 Blade Hands              Tmut           #.........   100%        5    ######.
 Lightning Bolt           Conj/Air       #.........   100%        5    ######.


Dungeon Overview and Level Annotations

Branches:
Dungeon (12/15)            Temple (1/1) D:7            Lair (4/6) D:8
  Swamp (0/4) Lair:4        Snake (0/4) Lair:2          Orc (0/2) D:12

Altars:
Ashenzari
Cheibriados
Dithmenos
Elyvilon
Fedhas
Gozag
Hepliaklqana
Kikubaaqudgha
Makhleb
Nemelex Xobeh
Okawaru
Qazlal
Ru
Sif Muna
Trog
Uskayaw
Vehumet
Wu Jian
Xom
Yredelemnul
Zin
The Shining One
Beogh

Shops:
D:4 (   D:7 :   D:10 (   D:11 (

Annotations:
D:5 2 transporters
D:6 1 runed translucent door, Flogoulo's ghost, novice FoAK
D:8 3 runed translucent doors, RatmanManrat's ghost, novice MiBe


Message History

The bolt of electricity hits the plant!
You whack the electric eel!
You kill the electric eel!
Okawaru accepts your kill.
The electric eel shoots out a bolt of lightning at you!
The bolt of electricity hits you.
* * * LOW HITPOINT WARNING * * *
You hit the electric eel.
The electric eel is poisoned.
The electric eel convulses.
You kill the electric eel!
Okawaru accepts your kill.
The electric eel shoots out a bolt of lightning at you!
The bolt of electricity hits you.
* * * LOW HITPOINT WARNING * * *
The electric eel shoots out a bolt of lightning at you!
The bolt of electricity hits the electric eel.
The electric eel completely resists.
The bolt of electricity hits you.
* * * LOW HITPOINT WARNING * * *
You miss the electric eel.
The electric eel shoots out a bolt of lightning at you!
The bolt of electricity hits you.
* * * LOW HITPOINT WARNING * * *
The electric eel shoots out a bolt of lightning at you!
The bolt of electricity hits you.
* * * LOW HITPOINT WARNING * * *
The electric eel shoots out a bolt of lightning at you!
The bolt of electricity hits you!
* * * LOW HITPOINT WARNING * * *
The electric eel shoots out a bolt of lightning at you!
The bolt of electricity hits the electric eel.
The electric eel completely resists.
The bolt of electricity hits you!
* * * LOW HITPOINT WARNING * * *
Unknown command.
Okay, then.
Okay, then.
Okay, then.
There's nothing to close nearby.
You feel much better.
The electric eel shoots out a bolt of lightning at you!
The bolt of electricity hits you!
* * * LOW HITPOINT WARNING * * *
There's nothing to close nearby.
The mass of ice explodes!
The iceblast engulfs the electric eel! x2
The electric eel shoots out a bolt of lightning at you!
The bolt of electricity hits you!
* * * LOW HITPOINT WARNING * * *
The electric eel shoots out a bolt of lightning at you!
The bolt of electricity hits the electric eel.
The electric eel completely resists.
The bolt of electricity hits you!
You die...

.......P#.###..#.#........####...
.##....##.##P§.....#......#.###..
#...... #.P..§§§.........#.......
#...... ....§§§§......?.........
#...... ....≈≈§§§§..............
....... ....§§>§≈..§..[.........
....... ....≈§;;≈§.§............
....... .....≈;;.......P........
...... .......@....>#.#P.......
...... .............#.#........
.#.... #.......P......###......
###.. ................#P..#.## ##
#... .###....P.....###....##
.##.... ######P...## ##..##
#.......... #....# ##...#
..........## ##....# #..(## #
#.........P #.....# #...####


You could see 4 electric eels.

Vanquished Creatures
  6 hydras
  3 two-headed ogres
  Urug (Lair:1)
  An unseen horror (D:12)
  An ugly thing (D:11)
  A deep elf mage (D:12)
  5 black mambas
  Maurice (D:9)
  A gargoyle (D:9)
  6 spiny frogs
  2 rime drakes (Lair:3)
  5 komodo dragons
  2 trolls
  2 polar bears (Lair:3)
  3 slime creatures (D:12)
  2 dream sheep (D:8)
  Grinder (D:6)
  8 blink frogs
  10 hippogriffs
  2 vampires (D:10)
  Sigmund (D:2)
  A wraith (D:12)
  3 wyverns
  A human (D:4)
  34 yaks
  2 basilisks
  4 nagas (Lair:2)
  9 water moccasins
  4 porcupines
  3 sky beasts
  4 orc warriors
  A black bear (D:11)
  5 ice beasts
  3 phantoms
  2 centaurs
  3 wolves (Lair:3)
  7 ogres
  5 big kobolds
  11 crocodiles
  17 bullfrogs
  A wyvern zombie (D:9)
  7 scorpions
  7 killer bees
  3 wights (D:10)
  3 electric eels (Lair:4)
  10 crimson imps
  A bullfrog zombie (D:6)
  6 howler monkeys
  2 quasits (D:6)
  9 hounds
  2 bullfrog skeletons
  5 orc priests
  2 jellies
  3 centaur skeletons
  Ijyb (D:4)
  A human skeleton (D:4)
  An iguana (D:9)
  8 orc wizards
  11 worker ants
  A hound zombie (D:7)
  Robin (D:4)
  13 adders
  7 gnolls
  3 oozes
  2 adder skeletons
  6 worms
  A dart slug (D:1)
  4 leopard geckos
  52 orcs
  9 bats
  3 giant cockroaches
  19 goblins
  8 hobgoblins
  12 jackals
  17 kobolds
  7 quokkas
  3 ball pythons
  6 frilled lizards
  A goblin skeleton (D:4)
  A leopard gecko skeleton (D:4)
  7 rats
449 creatures vanquished.

Vanquished Creatures (others)
  A fungus (Lair:3)
1 creature vanquished.

Grand Total: 450 creatures vanquished

Notes
Turn   | Place    | Note
-------+----------+-------------------------------------------
     0 | D:1      | MalarOregon the Merfolk Fighter began the quest for the
                  | Orb.
     0 | D:1      | Reached XP level 1. HP: 18/18 MP: 1/1
   135 | D:1      | Reached XP level 2. HP: 23/24 MP: 2/2
   500 | D:1      | Reached XP level 3. HP: 29/29 MP: 3/3
   578 | D:2      | Found an iron altar of Okawaru.
   612 | D:2      | Became a worshipper of Warmaster Okawaru
   656 | D:2      | Noticed Sigmund
  1063 | D:2      | Killed Sigmund
  1063 | D:2      | Reached skill level 5 in Polearms
  1063 | D:2      | Reached XP level 4. HP: 15/37 MP: 4/4
  1063 | D:2      | Reached XP level 5. HP: 17/42 MP: 5/5
  1744 | D:3      | Reached * piety under Okawaru
  1744 | D:3      | Reached XP level 6. HP: 39/48 MP: 6/6
  2408 | D:3      | Reached skill level 5 in Shields
  2463 | D:3      | Reached XP level 7. HP: 53/55 MP: 7/7
  2712 | D:4      | Found a runed translucent door.
  2712 | D:4      | Noticed a human
  2726 | D:4      | Found a basalt altar of Yredelemnul.
  2786 | D:4      | Killed a human
  2992 | D:4      | Reached ** piety under Okawaru
  3307 | D:4      | HP: 1/55 [ogre/+0 giant club (24)]
  3615 | D:4      | Noticed Robin
  3673 | D:4      | Killed Robin
  3708 | D:4      | Reached skill level 5 in Fighting
  3708 | D:4      | Reached XP level 8. HP: 59/62 MP: 8/8
  3744 | D:4      | Found a shattered altar of Ashenzari.
  3746 | D:4      | Found a hide-covered altar of Uskayaw.
  3750 | D:4      | Found a hazy altar of Hepliaklqana.
  4179 | D:4      | Noticed Ijyb
  4197 | D:4      | Killed Ijyb
  4320 | D:4      | Got a slimy chain mail
  4539 | D:4      | Found Mujodig's Weapon Emporium.
  4613 | D:5      | Entered Level 5 of the Dungeon
  4996 | D:5      | Noticed a manticore
  4997 | D:5      | Found a transporter.
  4998 | D:5      | Found a shimmering altar of Xom.
  4998 | D:5      | Found a transporter.
  4999 | D:5      | Found a deep blue altar of Sif Muna.
  5347 | D:6      | Reached *** piety under Okawaru
  5485 | D:6      | Reached XP level 9. HP: 20/69 MP: 9/9
  5858 | D:6      | Reached skill level 10 in Polearms
  6155 | D:6      | Found a runed translucent door.
  6155 | D:6      | Found a shimmering altar of Xom.
  6155 | D:6      | Noticed Flogoulo's ghost (novice FoAK)
  6155 | D:6      | Noticed a +1 hand axe of chaos
  6268 | D:6      | Reached **** piety under Okawaru
  6278 | D:6      | Found a blossoming altar of Fedhas.
  6443 | D:6      | Noticed Grinder
  6446 | D:6      | Paralysed by Grinder for 6 turns
  6458 | D:6      | Paralysed by Grinder for 7 turns
  6469 | D:6      | Paralysed by Grinder for 2 turns
  6489 | D:6      | Killed Grinder
  6570 | D:7      | Found a staircase to the Ecumenical Temple.
  6615 | Temple   | Entered the Ecumenical Temple
  6883 | D:7      | Found Qugeapsy's Book Shoppe.
  7669 | D:8      | Reached XP level 10. HP: 71/77 MP: 10/10
  7685 | D:8      | Reached ***** piety under Okawaru
  7757 | D:8      | Found a staircase to the Lair.
  7816 | D:8      | Noticed a two-headed hydra
  7851 | D:8      | Killed a two-headed hydra
  7851 | D:8      | Reached skill level 5 in Armour
  8270 | D:8      | Found a shimmering altar of Xom.
  8308 | D:8      | Found a runed translucent gate.
  8309 | D:8      | Found a runed translucent gate.
  8309 | D:8      | Found a runed translucent gate.
  8310 | D:8      | Noticed RatmanManrat's ghost (novice MiBe)
  8663 | D:9      | Noticed Maurice
  8744 | D:9      | Killed Maurice
  8812 | D:9      | Received a gift from Okawaru
  8851 | D:9      | Got a fine hat {god gift}
  8924 | D:9      | Identified the +2 hat of Okawaru's Wrath {Dex+2} (Okawaru
                  | gifted it to you on level 9 of the Dungeon)
  8945 | D:9      | Identified the +2 chain mail "Icsicsyol" {rC- Str+6 Dex+5}
                  | (You found it on level 4 of the Dungeon)
  9054 | D:9      | Noticed a gargoyle
  9079 | D:9      | Killed a gargoyle
  9079 | D:9      | Reached skill level 10 in Shields
  9307 | D:9      | Reached XP level 11. HP: 58/86 MP: 11/11
  9896 | D:9      | Found a glowing golden altar of the Shining One.
  9979 | D:10     | Entered Level 10 of the Dungeon
 10206 | D:10     | Found Yfoif's Antique Weapon Shop.
 11067 | D:12     | Noticed a deep elf mage
 11077 | D:12     | Killed a deep elf mage
 12338 | D:11     | Noticed a white ugly thing
 13106 | D:11     | Found Commyor's Antique Weapon Shoppe.
 13188 | D:11     | Noticed a two-headed ogre
 13204 | D:11     | Killed a two-headed ogre
 13329 | D:11     | Killed a white ugly thing
 13898 | D:11     | Received a gift from Okawaru
 13898 | D:11     | Reached XP level 12. HP: 96/96 MP: 12/12
 13899 | D:11     | Got a faintly glowing halberd {god gift}
 14218 | D:12     | Found a staircase to the Orcish Mines.
 14305 | D:12     | Found a roughly hewn altar of Beogh.
 14753 | D:12     | Noticed a two-headed ogre
 14761 | D:12     | Killed a two-headed ogre
 14921 | D:12     | Noticed a two-headed ogre
 14940 | D:12     | Killed a two-headed ogre
 14940 | D:12     | Reached skill level 10 in Fighting
 15387 | Lair:1   | Entered Level 1 of the Lair of Beasts
 15568 | Lair:1   | Received a gift from Okawaru
 15777 | Lair:1   | Noticed Urug
 15802 | Lair:1   | Paralysed by Urug for 3 turns
 15814 | Lair:1   | Paralysed by Urug for 2 turns
 16052 | Lair:1   | Killed Urug
 16842 | Lair:1   | Noticed a five-headed hydra
 16848 | Lair:1   | Killed a five-headed hydra
 17269 | Lair:2   | Reached XP level 13. HP: 88/105 MP: 13/13
 17509 | Lair:2   | Found a staircase to the Snake Pit.
 17626 | Lair:2   | Received a gift from Okawaru
 17628 | Lair:2   | Got a scorched plate armour {god gift}
 18512 | Lair:2   | Identified the +9 plate armour of the True Pharaoh {Int+4}
                  | (Okawaru gifted it to you on level 2 of the Lair of Beasts)
 18598 | Lair:2   | Found the +8 whip "Snakebite" {curare, rPois}
 19528 | Lair:3   | Reached skill level 1 in Maces & Flails
 20918 | Lair:4   | Found a staircase to the Swamp.
 20929 | Lair:4   | Killed from afar by an electric eel

Skill      XL: |  1  2  3  4  5  6  7  8  9 10 11 12 13 |
---------------+----------------------------------------+-----
Polearms       | 5 6 7 9 11 13 14 | 14.0
Fighting       | 4 5 6 8 9 10 11 | 11.7
Shields        | 4 5 7 8 10 11 13 14 | 14.6
Armour         | 3 4 5 6 7 8 |  8.5
Maces & Flails | 2 |  2.2

Action                   |  1- 3 |  4- 6 |  7- 9 | 10-12 | 13-15 || total
-------------------------+-------+-------+-------+-------+-------++-------
Melee: Trident           |   217 |   309 |   732 |  1774 |   253 ||  3285
       Whip              |       |       |       |       |   193 ||   193
       Falchion          |       |       |       |       |    26 ||    26
Throw: Throwing net      |       |       |       |     2 |       ||     2
Invok: Heroism           |       |       |       |     4 |     1 ||     5
Evoke: Wand              |       |       |     1 |    21 |     7 ||    29
  Use: Potion            |     1 |       |     2 |     4 |     2 ||     9
       Scroll            |       |    10 |     7 |     7 |     7 ||    31
 Stab: Invisible         |       |       |       |     6 |       ||     6
       Distracted        |       |       |       |     1 |       ||     1
  Eat: Chunk             |     1 |     5 |    13 |    30 |    30 ||    79
       Ration            |       |       |     1 |     1 |       ||     2
Armor: Scale mail        |     9 |       |       |       |       ||     9
       Crystal plate arm |   242 |   232 |   412 |   680 |   116 ||  1682
       Plate armour      |       |       |       |       |   138 ||   138
Dodge: Dodged            |    12 |     7 |    13 |    59 |    61 ||   152
Block: Shield            |   140 |   125 |   274 |   624 |   121 ||  1284
       Large shield      |       |       |       |       |   293 ||   293
       Rpst.: Falchion   |       |       |       |       |     1 ||     1
